 Dungeon Sprint DCSS version 0.21-a0-47-g7c8f537 (webtiles) character file.

140 Kidiri the Ruffian (level 5, -2/59 HPs)
             Began as a Troll Monk on June 8, 2017.
             Was a Believer of Wu Jian.
             Slain by a human (9 damage)
             ... in the Dungeon (Sprint III: "The Ten Rune Challenge").
             The game lasted 00:01:51 (265 turns).

Kidiri the Ruffian (Troll Monk)                      Turns: 265, Time: 00:01:52

Health: -2/59      AC:  5    Str: 19    XL:     5   Next: 2%
Magic:  4/4        EV: 12    Int:  6    God:    Wu Jian [**....]
Gold:   31         SH:  0    Dex: 13    Spells: 4/4 levels left

rFire    . . .     SeeInvis .     - Unarmed
rCold    . . .     Gourm    +   (no shield)
rNeg     . . .     Faith    .   a - +0 robe
rPois    .         Spirit   .   (helmet restricted)
rElec    .         Reflect  .   (no cloak)
rCorr    .         Harm     .   (gloves unavailable)
MR       .....     NoTele   +   (boots unavailable)
Stlth    ++........             (no amulet)
Regen    0.6/turn               (no ring)
MPRegen  0.1/turn               (no ring)

@: no status effects
A: unfitting armour, claws 3, fast metabolism 3, gourmand, regeneration 1,
robust 1, shaggy fur 1, tough skin 2, evolution 1, subdued magic 1
a: Renounce Religion


You were in the Dungeon.
You worshipped Wu Jian.
Wu Jian was pleased with you.
You were not hungry.

You visited 1 branch You collected 31 gold pieces.

Inventory:

Armour
 a - a +0 robe (worn)
Scrolls
 d - a scroll of torment
 h - a scroll of blinking
 k - 3 scrolls of remove curse
 m - a scroll of immolation
Potions
 f - 2 potions of magic
 g - a potion of berserk rage
 i - a potion of brilliance
 l - a potion of invisibility
 o - 2 potions of flight
 p - a potion of mutation
Comestibles
 b - 3 bread rations
 n - a royal jelly


   Skills:
 + Level 3.7 Fighting
 + Level 2.6 Armour
 * Level 4.8 Dodging
 * Level 3.2 Stealth
 * Level 5.7 Unarmed Combat


You had 4 spell levels left.
You didn't know any spells.

Dungeon Overview and Level Annotations

Branches:
Dungeon (1/1)

Altars:
Okawaru
Trog
Uskayaw
Wu Jian
Beogh


Innate Abilities, Weirdness & Mutations

You are too large for most types of armour.
You have claws for hands.
Your metabolism is lightning-fast.
You like to eat raw meat.
Your natural rate of healing is unusually fast.
You are covered in fur. (AC +1)
You have very tough skin. (AC +2)
You are robust. (+10% HP)
You evolve.
Your spells are a little easier to cast, but a little less powerful.


Message History

The human is moderately wounded.
The human hits you! The human hits you.
You see here a short sword.
Unknown command.
You claw the human!
The human is heavily wounded.
The human hits you. The human hits you!
* * * LOW HITPOINT WARNING * * *
The human hits you but does no damage.
Unknown command.
You attack the human from above.
You closely miss the human.
The human is heavily wounded.
The human closely misses you.
There is an ornate altar of the Wu Jian Council, spattered with blood here.
You feel better. The human hits you!
* * * LOW HITPOINT WARNING * * *
The human hits you.
* * * LOW HITPOINT WARNING * * *
The human hits you!
You die...

▓▓ ▓▓▓ .#### ##.# #####
....#####..# #_p_#
.....#..#..# #@p)#
##...#..#..###+#§###+##
###..##+#..#..........#
.##..###...'.⌠........#
##..####...#...######+#
##..###....#.⌠.#
#...##.....#...#
....#......#+###
..##.#.....#


You could see 2 humans.

Vanquished Creatures
  A water elemental (D)
  A scorpion (D)
  A human (D)
  2 oozes (D)
  2 rats (D)
7 creatures vanquished.

Vanquished Creatures (others)
  A draconian scorcher (D)
  A yaktaur (D)
  4 hellions (D)
6 creatures vanquished.

Grand Total: 13 creatures vanquished

Notes
Turn   | Place    | Note
-------+----------+-------------------------------------------
     0 | D        | Kidiri the Troll Monk began the quest for the Orb.
     0 | D        | Reached XP level 1. HP: 22/22 MP: 0/0
    11 | D        | Reached skill level 1 in Armour
    11 | D        | Reached XP level 2. HP: 29/29 MP: 1/1
    45 | D        | Killed a yaktaur
    52 | D        | Noticed a scorpion
    62 | D        | Killed a scorpion
    62 | D        | Reached skill level 4 in Unarmed Combat
    62 | D        | Reached XP level 3. HP: 37/37 MP: 2/2
    81 | D        | Reached XP level 4. HP: 45/45 MP: 3/3
   106 | D        | Killed a hellion
   106 | D        | Killed a hellion
   107 | D        | Killed a hellion
   137 | D        | Gained mutation: You have sharp toenails. [potion of mutation]
   137 | D        | Gained mutation: You possess an exceptional clarity of mind. [potion of mutation]
   138 | D        | Lost mutation: You have sharp toenails. [potion of mutation]
   138 | D        | Lost mutation: You possess an exceptional clarity of mind. [potion of mutation]
   138 | D        | Gained mutation: You are partially covered in thin metallic scales. (AC +2) [potion of mutation]
   138 | D        | Gained mutation: Your body sometimes deteriorates upon taking damage. [potion of mutation]
   138 | D        | Gained mutation: You have sharp toenails. [potion of mutation]
   138 | D        | Gained mutation: You possess an exceptional clarity of mind. [potion of mutation]
   139 | D        | Lost mutation: You possess an exceptional clarity of mind. [potion of mutation]
   139 | D        | Lost mutation: You have sharp toenails. [potion of mutation]
   139 | D        | Lost mutation: Your body sometimes deteriorates upon taking damage. [potion of mutation]
   139 | D        | Gained mutation: You are partially covered in large bone plates. (SH +4) [potion of mutation]
   139 | D        | Gained mutation: You are weak. (Str -2) [potion of mutation]
   139 | D        | Gained mutation: You have sharp toenails. [potion of mutation]
   140 | D        | Lost mutation: You are weak. (Str -2) [potion of mutation]
   140 | D        | Lost mutation: You have sharp toenails. [potion of mutation]
   140 | D        | Lost mutation: You are partially covered in large bone plates. (SH +4) [potion of mutation]
   140 | D        | Lost mutation: You are partially covered in thin metallic scales. (AC +2) [potion of mutation]
   140 | D        | Gained mutation: You evolve. [potion of mutation]
   140 | D        | Gained mutation: Your spells are a little easier to cast, but a little less powerful. [potion of mutation]
   140 | D        | Gained mutation: You are robust. (+10% HP) [potion of mutation]
   153 | D        | Noticed a water elemental
   167 | D        | Killed a water elemental
   167 | D        | Reached skill level 5 in Unarmed Combat
   167 | D        | Reached XP level 5. HP: 17/59 MP: 4/4
   219 | D        | Killed a white draconian scorcher
   220 | D        | Killed a hellion
   255 | D        | Found an ornate altar of the Wu Jian Council.
   255 | D        | Found a roughly hewn altar of Beogh.
   255 | D        | Found an iron altar of Okawaru.
   255 | D        | Found a bloodstained altar of Trog.
   255 | D        | Found a hide-covered altar of Uskayaw.
   255 | D        | Noticed a human
   256 | D        | Noticed a human
   258 | D        | Became a worshipper of the Wu Jian Council
   258 | D        | Reached * piety under Wu Jian
   258 | D        | Reached ** piety under Wu Jian
   265 | D        | Slain by a human

Vault maps used:
D:        dungeon_sprint_mu

Skill      XL: |  1  2  3  4 |
---------------+-------------+-----
Armour         | 1 2 |  2.6
Dodging        | 3 4 |  4.8
Fighting       | 3 |  3.7
Stealth        | 2 3 |  3.2
Unarmed Combat | 4 5 |  5.7

Action                   |  1- 3 |  4- 6 || total
-------------------------+-------+-------++-------
Melee: Unarmed           |    28 |    14 ||    42
  Use: Potion            |     1 |     6 ||     7
       Scroll            |       |     4 ||     4
 Stab: Sleeping          |     3 |       ||     3
  Eat: Chunk             |       |     1 ||     1
Armor: Robe              |     6 |     4 ||    10
Dodge: Dodged            |    10 |     5 ||    15
